 Dungeon Crawl Stone Soup version 0.30.1-11-g7821555f0a (webtiles) character file.

Game seed: 13536493092259711633

301 booth the Chopper (level 6, -5/47 HPs)
             Began as a Demonspawn Gladiator on Dec 25, 2023.
             Splashed by a jelly's acid (8 damage)
             ... in a sewer.
             The game lasted 00:18:48 (2421 turns).

booth the Chopper (Demonspawn Gladiator)            Turns: 2421, Time: 00:18:48

Health: -5/47      AC: -8    Str: 16    XL:     6   Next: 14%
Magic:  0/6        EV: 11    Int:  9    God:
Gold:   105        SH:  0    Dex: 15    Spells: 5/5 levels left

rFire   . . .        a - +0 war axe (flame)
rCold   . . .        (no shield)
rNeg    . . .        q - +0 ring mail
rPois   .            c - +0 helmet
rElec   .            (no cloak)
rCorr   .            h - +1 pair of gloves
SInv    .            (no boots)
Will    .....        (no amulet)
Stlth   +            (no ring)
HPRegen 0.27/turn    (no ring)
MPRegen 0.20/turn

%: guardian spirit
@: corroded, very slow
A: powered by death 1, magic shield, magic regeneration, magic link
a: no special abilities


You were in a sewer.
You visited 1 branch of the dungeon, and saw 3 of its levels.
You also visited: Sewer.

You collected 105 gold pieces.

Inventory:

Hand Weapons
 a - a +0 war axe of flaming (weapon)
 o - a +0 mace
Missiles
 d - 3 throwing nets (quivered)
 e - a javelin
 n - 5 poisoned darts
Armour
 b - a +0 leather armour
 c - a +0 helmet (worn)
 h - a +1 pair of gloves (worn)
 q - a +0 ring mail (worn)
Jewellery
 g - a ring of positive energy
Scrolls
 f - a scroll of magic mapping
Potions
 i - a potion of magic
 j - a potion of mutation {unknown}
 k - 2 potions of invisibility {unknown}
 m - a potion of heal wounds {unknown}
 p - a potion of brilliance {unknown}
 s - 2 potions of curing {unknown}


   Skills:
 + Level 3.5 Fighting
 * Level 4.7 Axes
 + Level 3.3 Throwing
 - Level 2.8 Dodging


You had 5 spell levels left.
You didn't know any spells.
Your spell library contained the following spells:

 Spells                   Type           Power      Damage    Failure   Level
 Vhi's Electric Charge    Tloc/Air       0%         N/A       93%         3
 Arcjolt                  Conj/Air       0%         1d10      100%        5
 Plasma Beam              Fire/Air       0%         2x1d11    100%        6


Dungeon Overview and Level Annotations

Branches:
Dungeon (3/15)              Sewer (1/1)

Altars:
Okawaru

Shops:
D:2 :

Annotations:
D:2 1 runed translucent door, Crazy Yiuf


Innate Abilities, Weirdness & Mutations

You regenerate a little health from kills.
When hurt, damage is shared between your health and your magic reserves.
You regenerate magic rapidly.
When low on magic, you restore magic in place of health.


Message History

You enter the shallow water.
Moving in this stuff is going to be slow.
Found a gate leading back out of this place.
A river rat comes into view. 2 jellies come into view.
The jelly quivers. x2
Your unstable footing causes you to fumble your attack.
The river rat closely misses you.
You completely miss the river rat.
The river rat bites you but does no damage.
You hit the river rat. You burn the river rat.
The river rat is moderately wounded.
You slash the jelly! You burn the jelly. The acid corrodes you!
Your hands burn!
The jelly closely misses you. The river rat closely misses you.
Your unstable footing causes you to fumble your attack.
The river rat barely misses you. The jelly closely misses you. x2
The river rat completely misses you.
You completely miss the river rat.
The river rat is moderately wounded.
You hit the jelly. You burn the jelly. The acid corrodes you!
Your hands burn!
The jelly hits you. The acid corrodes you!
You are splashed with acid!
The river rat barely misses you.
Your unstable footing causes you to fumble your attack.
The jelly hits you.
You are splashed with acid.
The jelly barely misses you. The river rat closely misses you.
You hit the river rat but do no damage.
The river rat is moderately wounded.
You hit the jelly. You burn the jelly.
You kill the jelly!
You hit the jelly but do no damage.
Your hands burn!
The jelly hits you. The acid corrodes you!
You are splashed with acid!
* * * LOW HITPOINT WARNING * * *
The river rat misses you.
You hit the jelly but do no damage.
Your hands burn!
* * * LOW HITPOINT WARNING * * *
You hit the river rat but do no damage. The jelly hits you.
* * * LOW HITPOINT WARNING * * *
You are splashed with acid!
You die...

## ##.~.~#...##~.~.
..~
##∩~~.~~~.~#.~.#
.... #.~~
#.~.~~~.~# .~~~#
#.~# ...~...#
.~.~.##.~# ##~~.~#
#.~~.~~## ##.~..~##
#~~..~~###~†~~..†##
#~rJ~.†..##.~†.###
##@~~~.~####~...~##
####.~##..##.~.~~#
#~~#~..####~~~#
#~~.~~## ##..#
##~..## #.~. #####
##.~ ########## #.~
#.~~.~..~# #..
#~~..~.†~# #~~


You could see a jelly and a river rat.

Vanquished Creatures
  A scorpion (D:3)
  2 jellies (Sewer)
  An iguana (D:2)
  5 adders
  A worm (D:3)
  5 dart slugs
  5 ball pythons
  15 endoplasms
  9 giant cockroaches
  3 goblins (D:1)
  6 hobgoblins
  11 jackals (D:1)
  8 kobolds
  2 quokkas (D:3)
  4 bats
  8 frilled lizards
  9 rats
95 creatures vanquished.

Notes
Turn   | Place    | Note
-------+----------+-------------------------------------------
     0 | D:1      | booth the Demonspawn Gladiator began the quest for the Orb.
     0 | D:1      | Reached XP level 1. HP: 16/16 MP: 1/1
   197 | D:1      | Gained mutation: You regenerate magic rapidly. [demonic
                  | ancestry]
   197 | D:1      | Reached XP level 2. HP: 22/22 MP: 2/2
   266 | D:1      | Reached skill level 3 in Axes
   426 | D:1      | Gained mutation: You regenerate a little health from kills.
                  | [demonic ancestry]
   426 | D:1      | Reached XP level 3. HP: 21/28 MP: 3/3
   931 | D:2      | Found Vofum's Book Emporium.
  1073 | D:2      | Gained mutation: When hurt, damage is shared between your
                  | health and your magic reserves. [demonic ancestry]
  1073 | D:2      | Reached XP level 4. HP: 30/34 MP: 4/4
  1101 | D:2      | Found an iron altar of Okawaru.
  1482 | D:2      | Found a runed translucent door.
  1483 | D:2      | Noticed Crazy Yiuf
  2007 | D:3      | Noticed a scorpion
  2023 | D:3      | Killed a scorpion
  2024 | D:3      | Reached skill level 4 in Axes
  2024 | D:3      | Gained mutation: When low on magic, you restore magic in
                  | place of health. [demonic ancestry]
  2024 | D:3      | Reached XP level 5. HP: 41/41 MP: 5/5
  2233 | D:3      | Found a glowing drain.
  2237 | Sewer    | Entered a sewer
  2392 | Sewer    | Reached XP level 6. HP: 45/47 MP: 6/6
  2421 | Sewer    | Splashed by a jelly's acid

Illustrated notes

Levels and vault maps discovered:
D:1:      matt_arrival_spirals, layout_basic
D:2:      minmay_wonky_spiral, layout_basic, serial_shops, nicolae_shop_crystal,
          basic_altar, uniq_crazy_yiuf_cottage
D:3:      layout_rooms, overflow_temple_1_default, gup_sewer_entry_spiral,
          serial_shops, nicolae_lakefront_shop
Sewer:    sewer_hellmonk_slimy_pipes

Skill      XL: |  1  2  3  4 |
---------------+-------------+-----
Throwing       | 2 3 |  3.3
Axes           | 3 4 |  4.7
Fighting       | 3 |  3.5
Dodging        | |  2.8

Action                     |  1- 3 |  4- 6 || total
---------------------------+-------+-------++-------
  Melee: War axe           |   104 |   163 ||   267
         Punch             |       |     1 ||     1
  Throw: Javelin           |     1 |       ||     1
         Throwing net      |     1 |       ||     1
    Use: Scroll            |     3 |     4 ||     7
         Potion            |       |     2 ||     2
 Armour: Leather armour    |    51 |     3 ||    54
         Ring mail         |       |    70 ||    70
  Dodge: Dodged            |    81 |   116 ||   197
